 Dungeon Crawl Stone Soup version 0.31.0-9-g3a7656b989 (webtiles) character file.

Game seed: 2159757589664667991

2695 qw the Skirmisher (level 9, -5/51 HPs)
             Began as a Deep Elf Hunter on Feb 2, 2024.
             Was a Follower of Okawaru.
             Slain by Grum
             ... wielding a +1 spear
              (14 damage)
             ... on level 8 of the Dungeon.
             The game lasted 00:00:30 (5727 turns).

qw the Skirmisher (Deep Elf Hunter)                 Turns: 5727, Time: 00:00:30

Health: -5/51      AC: 12    Str: 12    XL:     9   Next: 38%
Magic:  13/14      EV: 13    Int: 15    God:    Okawaru [*.....]
Gold:   228        SH:  0    Dex: 18    Spells: 8/8 levels left

rFire   . . .        b - +4 arbalest (flame)
rCold   . . .        (shield currently unavailable)
rNeg    + . .        g - +0 ring mail
rPois   .            h - +2 helmet
rElec   .            i - +2 cloak
rCorr   .            k - +0 pair of gloves
SInv    .            (no boots)
Will    .....        (no amulet)
Stlth   +            d - ring of positive energy
HPRegen 0.28/turn    (no ring)
MPRegen 0.14/turn

%: no passive effects
@: no status effects
A: no striking features
a: Renounce Religion, Heroism


You were on level 8 of the Dungeon.
You worshipped Okawaru.
Okawaru was aware of your devotion.
You visited 2 branches of the dungeon, and saw 9 of its levels.

You collected 275 gold pieces.
You spent 47 gold pieces at shops.


   Skills:
 - Level 3.3 Fighting
 + Level 14.5 Ranged Weapons
 - Level 2.3 Armour
 - Level 5.0 Dodging
 - Level 1.2 Stealth
 - Level 4.1 Invocations


You had 8 spell levels left.
You didn't know any spells.
Your spell library was empty.

Inventory:

Hand Weapons
 b - a +4 arbalest of flaming (weapon)
Armour
 g - a +0 ring mail (worn)
 h - a +2 helmet (worn)
 i - a +2 cloak (worn)
 k - a +0 pair of gloves (worn)
Jewellery
 d - a ring of positive energy (left hand)
 l - an amulet of magic regeneration
Wands
 c - a wand of polymorph (11)
 o - a wand of roots (1)
Potions
 a - a potion of ambrosia {unknown}
 e - a potion of might {unknown}
 f - 8 potions of curing
 m - a potion of cancellation {unknown}
 n - a potion of mutation {unknown}

Dungeon Overview and Level Annotations

Branches:
Dungeon (8/15)             Temple (1/1) D:7
   Lair: D:8-11

Altars:
Ashenzari
Cheibriados
Dithmenos
Elyvilon
Fedhas
Gozag
Hepliaklqana
Kikubaaqudgha
Makhleb
Nemelex Xobeh
Okawaru
Qazlal
Ru
Sif Muna
Trog
Uskayaw
Vehumet
Wu Jian
Xom
Yredelemnul
Zin
The Shining One

Shops:
D:2 [   D:3 **=

Annotations:
D:3 1 runed translucent door, Crazy Yiuf
D:4 2 runed translucent doors, qw's ghost, weakling DgHu
D:8 Grum


Message History

The wolf closely misses you.
You shoot a bolt. The bolt hits the wolf.
The bolt burns the wolf.
The wolf is heavily wounded.
The wolf barely misses you. The wolf bites you but does no damage.
Grum hits you from afar with a +1 spear!
A wolf comes into view.
You shoot a bolt. The bolt hits the wolf!
The bolt burns the wolf.
The wolf is almost dead.
The wolf bites you but does no damage. The wolf bites you.
Grum hits you from afar with a +1 spear!
You shoot a bolt. The bolt closely misses the wolf.
The wolf bites you but does no damage. x2
Grum hits you from afar with a +1 spear!
The wolf bites you. Grum closely misses you.
5721 ||| DRINKING 2 potions of heal wounds.
You feel much better. The wolf bites you but does no damage.
Grum hits you from afar with a +1 spear!!
5722 ||| DRINKING potion of heal wounds.
You feel much better. The wolf closely misses you. The wolf misses you.
Grum hits you from afar with a +1 spear!
You shoot a bolt. The bolt misses the wolf.
The wolf bites you. The wolf closely misses you. Grum barely misses you.
You shoot a bolt. The bolt misses the wolf.
The bolt hits the wolf!
The bolt burns the wolf.
The wolf is almost dead.
The wolf bites you but does no damage. The wolf bites you.
Grum barely misses you.
You shoot a bolt. The bolt hits the wolf!
The bolt burns the wolf.
You kill the wolf!
Okawaru accepts your kill. Grum misses you.
Your Invocations skill increases to level 4!
You shoot a bolt. The bolt hits Grum but does no damage.
Grum hits you from afar with a +1 spear.
Grum hits you from afar with a +1 spear!
You shoot a bolt. The bolt closely misses Grum.
The bolt barely misses the wolf.
Grum hits you from afar with a +1 spear!
You die...

##. ########## ....
.........## ......
#@..### ......
......%#....##.....#
~~~~~~g###.[.......#....
.~~~hh~#.##.............
~...~.~#..#.........##..
~._.~.~##.).........##..
~...~.~#.......#... ##..
.~~~..~#.##...##.## ....
#.####..%.## #...


You could see Grum and 2 wolves.

Vanquished Creatures
  3 yaks (D:8)
  A wyvern (D:8)
  2 water moccasins
  A sky beast (D:8)
  A black bear (D:5)
  2 ice beasts
  An ogre (D:5)
  2 wolves (D:8)
  A centaur (D:5)
  A kobold brigand (D:8)
  3 bullfrogs
  2 scorpions (D:4)
  A jelly (D:8)
  5 hounds
  2 orc priests (D:8)
  A gnoll bouda (D:7)
  A sleepcap (D:6)
  6 iguanas
  Terence (D:3)
  3 orc wizards
  11 gnolls
  6 adders
  2 white imps
  4 dart slugs
  2 ribbon worms
  14 orcs
  7 endoplasms
  3 giant cockroaches
  11 goblins
  8 hobgoblins
  2 jackals (D:1)
  9 kobolds
  A quokka (D:1)
  8 ball pythons
  4 bats
  7 frilled lizards
  5 rats
144 creatures vanquished.

Notes
Turn   | Place    | Note
-------+----------+-------------------------------------------
     0 | D:1      | qw the Deep Elf Hunter began the quest for the Orb.
     0 | D:1      | Reached XP level 1. HP: 12/12 MP: 3/3
     0 | D:1      | 0 ||| qw: Version: 0.3-a-155-g5e7d8dd
     0 | D:1      | 0 ||| qw: Game counter: 214
     0 | D:1      | 0 ||| qw: Melee chars always use a shield: true
     0 | D:1      | 0 ||| qw: God list: Okawaru
     0 | D:1      | 0 ||| qw: Allow faded altars: false
     0 | D:1      | 0 ||| qw: Do Orc after clearing Dungeon:15 true
     0 | D:1      | 0 ||| qw: Do second Lair branch before Depths: true
     0 | D:1      | 0 ||| qw: Lair rune preference: random
     0 | D:1      | 0 ||| qw: Goals: Normal
     0 | D:1      | 0 ||| PLANNING D:1-11
    35 | D:1      | Found a faded altar of an unknown god.
    91 | D:1      | Reached skill level 6 in Ranged Weapons
    91 | D:1      | Reached XP level 2. HP: 16/16 MP: 4/4
   387 | D:1      | Reached XP level 3. HP: 20/20 MP: 5/5
   613 | D:1      | 613 ||| UPGRADING to +0 ring mail.
   623 | D:1      | 623 ||| DROPPING +0 leather armour.
   624 | D:1      | 624 ||| UPGRADING to +0 helmet.
   629 | D:1      | 629 ||| UPGRADING to +1 cloak.
   634 | D:1      | 634 ||| READING 2 scrolls labelled YDULOR XISI.
   635 | D:1      | 635 ||| READING scroll labelled YDGHISHR YMMI.
   672 | D:1      | 672 ||| READING scroll labelled IXEEM JEYTH.
   672 | D:1      | 672 ||| IDENTIFYING 3 coppery potions
   673 | D:1      | 673 ||| READING scroll labelled WIKLIL RITO.
   774 | D:1      | 774 ||| DROPPING scroll of butterflies.
   775 | D:1      | 775 ||| DROPPING scroll of immolation.
   928 | D:2      | Reached skill level 7 in Ranged Weapons
   973 | D:2      | Found a basalt altar of Yredelemnul.
  1339 | D:2      | Found Madydeo's Armour Shoppe.
  1345 | D:2      | 1345 ||| SHOPLISTING +0 scale mail of Lifelessness {*Slow
                  | Fly Will+} (157 gold, have 36).
  1345 | D:2      | 1345 ||| SHOPLISTING +1 ring mail of positive energy (156
                  | gold, have 36).
  1435 | D:2      | 1435 ||| READING scroll labelled KASEAFFERGHU.
  1439 | D:2      | 1439 ||| READING scroll labelled XAFOEL PUOR.
  1439 | D:2      | 1439 ||| ENCHANTING +0 helmet.
  1440 | D:2      | 1440 ||| READING scroll labelled TAYHOY JOCIEDD.
  1441 | D:2      | 1441 ||| READING scroll labelled CYLINE UNKUR.
  1441 | D:2      | Identified a scroll of acquirement
  1441 | D:2      | 1441 ||| ACQUIRING +3 arbalest of flaming
  1441 | D:2      | Acquired a +3 arbalest of flaming
  1443 | D:2      | 1443 ||| SWAPPING to +3 arbalest of flaming.
  1444 | D:2      | 1444 ||| DROPPING +0 shortbow.
  1463 | D:3      | Noticed Terence
  1466 | D:3      | Killed Terence
  1467 | D:3      | Reached XP level 4. HP: 25/25 MP: 6/6
  1571 | D:3      | Found Diopaoru's Book Shop.
  1590 | D:3      | Found Wiplas's Jewellery Boutique.
  1606 | D:3      | 1606 ||| SHOPLISTING +6 ring of strength (396 gold, have
                  | 42).
  1606 | D:3      | 1606 ||| SHOPLISTING amulet of guardian spirit (330 gold,
                  | have 42).
  1606 | D:3      | 1606 ||| SHOPLISTING ring of ice (275 gold, have 42).
  1606 | D:3      | 1606 ||| SHOPLISTING ring of poison resistance (220 gold,
                  | have 42).
  1606 | D:3      | 1606 ||| SHOPLISTING ring of positive energy (220 gold,
                  | have 42).
  1675 | D:3      | Found Guupne Zutu's Assorted Antiques.
  1680 | D:3      | 1680 ||| SHOPLISTING 2 fuming silvery potions (45 gold,
                  | have 42).
  1680 | D:3      | 1680 ||| SHOPLISTING runed bronze wand (100 gold, have 42).
  1680 | D:3      | 1680 ||| SHOPLISTING tubular diamond ring (125 gold, have
                  | 42).
  1680 | D:3      | 1680 ||| SHOPLISTING worn glass wand (100 gold, have 42).
  1686 | D:3      | Reached skill level 8 in Ranged Weapons
  1944 | D:3      | Found a runed translucent door.
  1945 | D:3      | Noticed Crazy Yiuf
  2052 | D:3      | 2052 ||| READING scroll of enchant armour.
  2052 | D:3      | 2052 ||| ENCHANTING +1 helmet.
  2114 | D:3      | Found Izamnuul's Assorted Antiques.
  2120 | D:3      | 2120 ||| SHOPLISTING glowing robe (92 gold, have 52).
  2120 | D:3      | 2120 ||| SHOPLISTING iron wand (100 gold, have 52).
  2120 | D:3      | 2120 ||| BUYING red potion (22 gold).
  2120 | D:3      | Bought a red potion for 22 gold pieces
  2120 | D:3      | 2120 ||| BUYING scroll labelled NUKET RIORHOH (25 gold).
  2120 | D:3      | Bought a scroll labelled NUKET RIORHOH for 25 gold pieces
  2214 | D:3      | 2214 ||| UPGRADING to ring of positive energy.
  2215 | D:3      | 2215 ||| READING scroll of identify.
  2215 | D:3      | 2215 ||| IDENTIFYING 3 red potions
  2216 | D:3      | 2216 ||| READING scroll labelled GIESISKIEXT.
  2317 | D:3      | 2317 ||| READING scroll labelled DUHYTSU ZOL OTE.
  2317 | D:3      | 2317 ||| ENCHANTING +3 arbalest of flaming.
  2318 | D:3      | 2318 ||| READING scroll labelled NUKET RIORHOH.
  2453 | D:4      | Reached XP level 5. HP: 29/29 MP: 7/7
  2462 | D:4      | Found a runed translucent door.
  2464 | D:4      | Noticed qw's ghost (weakling DgHu)
  2504 | D:4      | Reached skill level 9 in Ranged Weapons
  2626 | D:4      | Found a runed translucent door.
  2636 | D:4      | Reached XP level 6. HP: 35/35 MP: 8/8
  2639 | D:4      | Reached skill level 1 in Armour
  3024 | D:4      | 3024 ||| READING 2 scrolls of identify.
  3024 | D:4      | 3024 ||| IDENTIFYING bubbling emerald potion
  3025 | D:4      | 3025 ||| READING scroll of identify.
  3025 | D:4      | 3025 ||| IDENTIFYING fuming blue potion
  3026 | D:4      | 3026 ||| READING scroll labelled WIKEAGH KOSULILUR.
  3027 | D:4      | 3027 ||| DROPPING potion of brilliance.
  3044 | D:5      | Entered Level 5 of the Dungeon
  3109 | D:5      | Noticed a water moccasin
  3110 | D:5      | 3110 ||| DRINKING potion of haste.
  3116 | D:5      | Killed a water moccasin
  3117 | D:5      | Reached skill level 10 in Ranged Weapons
  3159 | D:5      | Reached XP level 7. HP: 40/40 MP: 9/9
  3160 | D:5      | Reached skill level 3 in Dodging
  3186 | D:5      | 3186 ||| READING scroll of enchant armour.
  3186 | D:5      | 3186 ||| ENCHANTING +1 cloak.
  3258 | D:5      | Reached skill level 11 in Ranged Weapons
  3441 | D:5      | Identified the +0 cloak of the Sea {rC+ rN+ Str-5}
  3578 | D:5      | Reached skill level 12 in Ranged Weapons
  3641 | D:5      | 3641 ||| DROPPING +0 cloak of the Sea {rC+ rN+ Str-5}.
  3642 | D:5      | 3642 ||| READING 2 scrolls labelled JATRIF ZEALUA.
  3643 | D:5      | 3643 ||| DROPPING scroll of fog.
  3711 | D:6      | Reached XP level 8. HP: 45/45 MP: 10/10
  3796 | D:6      | Found a white marble altar of Elyvilon.
  3805 | D:6      | Reached skill level 3 in Fighting
  4132 | D:6      | 4132 ||| UPGRADING to +0 pair of gloves.
  4137 | D:6      | 4137 ||| READING scroll of identify.
  4137 | D:6      | 4137 ||| IDENTIFYING clear potion
  4138 | D:6      | 4138 ||| DROPPING potion of degeneration.
  4484 | D:7      | Found a broken altar of Ashenzari.
  4506 | D:7      | Found a staircase to the Ecumenical Temple.
  4507 | D:7      | 4507 ||| PLANNING TEMPLE
  4515 | Temple   | Entered the Ecumenical Temple
  4516 | Temple   | 4516 ||| PLANNING OKAWARU WORSHIP
  4546 | Temple   | Became a worshipper of Warmaster Okawaru
  4547 | Temple   | 4547 ||| PLANNING D:1-11
  4772 | D:7      | Reached skill level 13 in Ranged Weapons
  4951 | D:7      | 4951 ||| READING scroll labelled FICHEO YNOO.
  5144 | D:8      | Reached skill level 14 in Ranged Weapons
  5178 | D:8      | Reached * piety under Okawaru
  5253 | D:8      | Reached skill level 1 in Invocations
  5259 | D:8      | Reached XP level 9. HP: 51/51 MP: 11/11
  5399 | D:8      | 5399 ||| RETREEEEATING.
  5402 | D:8      | 5402 ||| RETREEEEATING.
  5405 | D:8      | Reached skill level 3 in Invocations
  5406 | D:8      | 5406 ||| RETREEEEATING.
  5407 | D:8      | 5407 ||| RETREEEEATING.
  5408 | D:8      | 5408 ||| RETREEEEATING.
  5409 | D:8      | HP: 11/51 [orc/+0 flail (7)]
  5410 | D:8      | 5410 ||| READING scroll of teleportation.
  5410 | D:8      | HP: 5/51 [orc/+0 flail (6)]
  5411 | D:8      | 5411 ||| DRINKING 3 potions of heal wounds.
  5555 | D:8      | Found a glowing silver altar of Zin.
  5713 | D:8      | Found a radiant altar of Vehumet.
  5715 | D:8      | Noticed Grum
  5720 | D:8      | HP: 10/51 [Grum/+1 spear (16)]
  5721 | D:8      | 5721 ||| DRINKING 2 potions of heal wounds.
  5722 | D:8      | 5722 ||| DRINKING potion of heal wounds.
  5726 | D:8      | HP: 8/51 [Grum/+1 spear (15)]
  5727 | D:8      | Slain by Grum

Levels and vault maps discovered:
D:1:      roderic_crop_circles_arrival_small, layout_loops_cross,
          ebering_ecumenical_altar_webs
D:2:      layout_basic, serial_shops, shop, basic_altar
D:3:      layout_loops_ring, serial_shops, nicolae_shop_hallway_stairs,
          nicolae_shop_tiny_glass, shop, nicolae_shop_pleasant_corner_grove,
          grunt_decor_clamped, uniq_crazy_yiuf_cottage, uniq_terence
D:4:      layout_loops_cross, ebering_ghost_sewer_f, bh_walls_and_bars
D:5:      layout_basic
D:6:      layout_rooms, elyvilon_altar_5, hangedman_abyss_or_decor_stagger,
          amcnicky_mini_pool_small
D:7:      layout_gridville, mainiacjoe_overflow_24_doors,
          minmay_temple_entry_junction
D:8:      layout_cave_pools, mainiacjoe_overflow_paths, general_overflow_altar,
          uniq_grum
Temple:   minmay_crystal_spiral_temple

Skill      XL: |  1  2  3  4  5  6  7  8  9 |
---------------+----------------------------+-----
Ranged Weapons | 6 7 8 9 10 12 14 | 14.5
Fighting       | 2 3 |  3.3
Armour         | 1 2 |  2.3
Dodging        | 3 5 |  5.0
Invocations    | 1 4 |  4.1
Stealth        | |  1.2

Action                     |  1- 3 |  4- 6 |  7- 9 || total
---------------------------+-------+-------+-------++-------
   Fire: Shortbow          |   115 |       |       ||   115
         Arbalest          |     7 |    68 |   158 ||   233
    Use: Scroll            |     8 |     8 |     5 ||    21
         Potion            |       |     1 |     3 ||     4
 Armour: Ring mail         |    10 |    16 |    73 ||    99
  Dodge: Dodged            |    17 |     6 |    60 ||    83

Table legend:
 A = Non-vault XP
 B = Vault XP
 C = Vault XP percentage of total XP
 D = Non-vault monster count
 E = Vault monster count
 F = Vault count percentage of total count
                 A         B        C        D         E       F
            +---------+---------+-------+---------+---------+-------
      Total |    3583 |     267 |   6.9 |     141 |       3 |   2.1
            +---------+---------+-------+---------+---------+-------
        D:1 |      47 |       0 |   0.0 |      29 |       0 |   0.0
        D:2 |      39 |       0 |   0.0 |      15 |       0 |   0.0
        D:3 |      58 |      36 |  38.3 |      17 |       1 |   5.6
        D:4 |     367 |       0 |   0.0 |      21 |       0 |   0.0
        D:5 |     829 |       0 |   0.0 |      16 |       0 |   0.0
        D:6 |     274 |       0 |   0.0 |      10 |       0 |   0.0
        D:7 |     454 |       0 |   0.0 |      10 |       0 |   0.0
        D:8 |    1515 |     231 |  13.2 |      23 |       2 |   8.0
            +---------+---------+-------+---------+---------+-------
